[Event "Titled Tuesday Blitz April 05 Early 2022"]
[White "Hansen, Eric"]
[Black "Lauridsen, Jesper Morch"]
[WhiteFideId "2606771"]
[BlackFideId "1401890"]
[WhiteElo "2568"]
[BlackElo "2260"]
[Result "1-0"]
[Round "06"]
[TimeControl "180+1"]
[Date "2022.04.05"]
[WhiteClock "0:02:19"]
[BlackClock "0:00:12"]

1. e4 c5 2. Nf3 Nc6 3. Bb5 d6 4. O-O Bd7 5. Re1 a6 6. Bxc6 Bxc6 7. d4 cxd4 8. Nxd4 Nf6 9. f3 g6 10. c4 Bg7 11. Be3 O-O 12. Nc3 Rc8 13. Rc1 Nd7 14. b3 Qa5 15. Qd2 Rfe8 16. Red1 b5 17. cxb5 axb5 18. Ncxb5 Qxd2 19. Bxd2 Bxb5 20. Nxb5 Nc5 21. Be3 Rb8 22. Nc7 Rec8 23. Nd5 Kf8 24. Kf1 Be5 25. h3 Bb2 26. Rc4 Ne6 27. Rxc8+ Rxc8 28. Ke2 Be5 29. f4 Bg7 30. a4 Rb8 31. Rd3 h6 32. g3 g5 33. Kf3 gxf4 34. gxf4 Nc5 35. Bxc5 dxc5 36. e5 e6 37. Ne3 Rb4 38. Nc4 h5 39. a5 Bh6 40. a6 Rb8 41. a7 Ra8 42. Rd7 Ke8 43. Rb7 1-0


[Site "https://www.chess.com"]

[Event "Titled Tuesday Blitz April 05 Early 2022"]
[White "Hartikainen, Jarmo"]
[Black "Martinez, Shawn"]
[WhiteFideId "503134"]
[BlackFideId "2039770"]
[WhiteElo "2079"]
[BlackElo "2174"]
[Result "1-0"]
[Round "06"]
[TimeControl "180+1"]
[Date "2022.04.05"]
[WhiteClock "0:01:31"]
[BlackClock "0:00:17"]

1. e4 c5 2. c3 e6 3. d4 cxd4 4. cxd4 Nf6 5. Nc3 Bb4 6. Bd3 d5 7. e5 Ne4 8. Ne2 Nc6 9. O-O Bxc3 10. bxc3 h6 11. Qc2 f5 12. exf6 Nxf6 13. Bg6+ Kf8 14. Re1 Ne7 15. Ba3 Kg8 16. Nf4 Nxg6 17. Nxg6 Rh7 18. Nf8 Rh8 19. Nxe6 Bxe6 20. Rxe6 Qd7 21. Rae1 Re8 22. Rxe8+ Nxe8 23. Qg6 Nf6 24. Re7 Qxe7 25. Bxe7 Nh7 26. Qe8+ Nf8 27. Qxf8+ Kh7 28. Qf5+ Kg8 1-0


[Site "https://www.chess.com"]

[Event "Titled Tuesday Blitz April 05 Early 2022"]
[White "Hasangatin, Ramil"]
[Black "Fikiet, Alex"]
[WhiteFideId "4122160"]
[BlackFideId "2052717"]
[WhiteElo "2375"]
[BlackElo "2447"]
[Result "1-0"]
[Round "06"]
[TimeControl "180+1"]
[Date "2022.04.05"]
[WhiteClock "0:00:19"]
[BlackClock "0:00:01"]

1. e4 e5 2. Nf3 Nc6 3. Bb5 a6 4. Ba4 d6 5. Bxc6+ bxc6 6. d4 f6 7. Nc3 Ne7 8. Be3 Ng6 9. h4 h5 10. dxe5 fxe5 11. Ng5 Be7 12. Qe2 Bg4 13. Qc4 Bxg5 14. Bxg5 Qd7 15. f3 Be6 16. Qd3 Rf8 17. O-O Nf4 18. Qd2 Rb8 19. b3 Qf7 20. Ne2 Ng6 21. c4 Bd7 22. c5 d5 23. Qa5 Qe6 24. Qxc7 Kf7 25. Rad1 Kg8 26. Nc3 d4 27. Na4 Rfc8 28. Qa5 Rb5 29. Qd2 Rf8 30. Rc1 Qe8 31. Nb6 Nf4 32. Rc4 Be6 33. Rcc1 Qg6 34. Kh2 Bf7 35. Nd7 Re8 36. Nxe5 Rxe5 37. Qxf4 Rexc5 38. Rcd1 Rb4 39. Rf2 Rcb5 40. Rfd2 c5 41. Be7 a5 42. Qd6 Qxd6+ 43. Bxd6 a4 44. Rc1 axb3 45. axb3 Rxb3 46. Bxc5 d3 47. Be3 Kh7 48. Rcd1 Rb2 49. Rxb2 Rxb2 50. Rxd3 Bc4 51. Rd2 Rb3 52. Bg5 Rb1 53. Kg3 Rb5 54. Kf4 Be6 55. Rd6 Bf7 56. Rd7 Be6 57. Re7 Bc8 58. Bf6 Kh6 59. Bxg7+ Kg6 60. Be5 Rb6 61. Rc7 Ba6 62. g3 Be2 63. Rc3 Ra6 64. Ke3 Bb5 65. Bd4 Bd7 66. Rb3 Be6 67. Rb6 Ra3+ 68. Kf4 Kf7 69. g4 hxg4 70. fxg4 Bc4 71. h5 Be2 72. Rf6+ Kg7 73. Ra6+ 1-0


[Site "https://www.chess.com"]

[Event "Titled Tuesday Blitz April 05 Early 2022"]
[White "Hernandez Bermudez, Ulises Eduardo"]
[Black "Jakubowska, Anna"]
[WhiteFideId "3902510"]
[BlackFideId "1121952"]
[WhiteElo "2056"]
[BlackElo "1924"]
[Result "1/2-1/2"]
[Round "06"]
[TimeControl "180+1"]
[Date "2022.04.05"]
[WhiteClock "0:00:12"]
[BlackClock "0:01:17"]

1. e4 c5 2. Nf3 e6 3. c4 Nc6 4. d4 cxd4 5. Nxd4 Nf6 6. f3 a6 7. Nc3 Qc7 8. Be3 Ne5 9. Qb3 Be7 10. Be2 O-O 11. O-O b6 12. Rac1 Rb8 13. Rfd1 Bb7 14. Bf2 d6 15. Bg3 Rfd8 16. Kh1 Nh5 17. f4 Nxg3+ 18. hxg3 Nc6 19. f5 Nxd4 20. Rxd4 Bf6 21. Rd2 Qc6 22. fxe6 fxe6 23. Bf3 Qc7 24. Rcd1 Be5 25. Ne2 b5 26. cxb5 axb5 27. Nf4 d5 28. Nxe6 Qf7 29. Nxd8 Rxd8 30. Rxd5 Bxd5 31. Rxd5 Rxd5 32. Qxd5 Qxd5 33. exd5 Bxb2 34. d6 Kf8 35. Bc6 b4 36. Bd5 Be5 37. d7 Ke7 38. g4 Kxd7 39. g5 Kd6 40. Be4 h6 41. gxh6 gxh6 42. Kg1 Kc5 43. Kf1 Kd4 44. Bg6 Kc3 45. Ke2 Kb2 46. Bf7 Kc3 47. Kf3 Kd4 48. Kg4 Ke3 49. Kh5 Bf4 50. g4 Bg5 51. Be6 Kd4 52. Bb3 Kc3 53. Bf7 Kd4 54. Bb3 Kc3 55. Bf7 Kd4 56. Bb3 1/2-1/2


[Site "https://www.chess.com"]

[Event "Titled Tuesday Blitz April 05 Early 2022"]
[White "Hernandez Jimenez, Alexander Andres"]
[Black "Aaditya Dhingra"]
[WhiteFideId "3900452"]
[BlackFideId "25678191"]
[WhiteElo "2098"]
[BlackElo "1849"]
[Result "0-1"]
[Round "06"]
[TimeControl "180+1"]
[Date "2022.04.05"]
[WhiteClock "0:00:58"]
[BlackClock "0:00:44"]

1. e4 e5 2. Nf3 Nc6 3. Bc4 Nf6 4. d3 Be7 5. O-O d6 6. c3 O-O 7. Nbd2 Na5 8. Bb5 a6 9. Ba4 b5 10. Bc2 c5 11. Re1 Qc7 12. Nf1 Re8 13. Ng3 h6 14. d4 Bd7 15. a4 cxd4 16. cxd4 Rec8 17. Re2 Bg4 18. axb5 axb5 19. d5 Nd7 20. h3 Bxf3 21. gxf3 Nb6 22. Nf5 Bf8 23. Kh2 Kh7 24. Qg1 g6 25. Nh4 Nb7 26. Rb1 Be7 27. f4 Bxh4 28. f5 Rg8 29. Qg4 Bf6 30. f3 gxf5 31. Qxf5+ Rg6 32. Rg2 Kg7 33. Rxg6+ fxg6 34. Bxh6+ Kxh6 0-1


[Site "https://www.chess.com"]

[Event "Titled Tuesday Blitz April 05 Early 2022"]
[White "Horak, Martin"]
[Black "Legenia, Artem"]
[WhiteFideId "367095"]
[BlackFideId "14136945"]
[WhiteElo "1997"]
[BlackElo "1936"]
[Result "1/2-1/2"]
[Round "06"]
[TimeControl "180+1"]
[Date "2022.04.05"]
[WhiteClock "0:00:05"]
[BlackClock "0:00:16"]

1. Nf3 c5 2. c4 Nc6 3. Nc3 d6 4. g3 g6 5. Bg2 Bg7 6. O-O e5 7. Ne1 Nge7 8. Nc2 O-O 9. Ne3 a6 10. d3 Rb8 11. Ned5 Be6 12. Rb1 b5 13. cxb5 axb5 14. Nxe7+ Nxe7 15. b4 c4 16. dxc4 Bxc4 17. Bg5 f6 18. Be3 d5 19. Bc5 Rf7 20. Bxe7 Qxe7 21. Bxd5 Bxd5 22. Nxd5 Qa7 23. Qb3 f5 24. e4 fxe4 25. Rbe1 Ra8 26. Nc3 Kh8 27. Nxb5 Qxa2 28. Qxa2 Rxa2 29. Nd6 Rd7 30. Nxe4 Rb7 31. Rb1 Bf8 32. b5 Ra5 33. Nc3 Bc5 34. Rb3 Bd4 35. Ne2 Raxb5 36. Rxb5 Rxb5 37. Nxd4 exd4 38. Rd1 Rb4 39. Kg2 Kg7 40. Kf3 Rb3+ 41. Ke4 Rb2 42. Rf1 Rd2 43. h4 Kf6 44. f3 h5 45. Kf4 Rd3 46. Ra1 Rb3 47. Ra6+ Kf7 48. Ke4 Re3+ 49. Kf4 Rb3 50. g4 hxg4 51. fxg4 d3 52. Rd6 Rb4+ 53. Kg5 Rb5+ 54. Kh6 Rb4 55. Kg5 Rb5+ 56. Kh6 Rb4 57. Rxg6 d2 58. Rd6 Rxg4 59. h5 Rg2 60. Rd3 Kf6 61. Kh7 Kf7 62. h6 Kf8 63. Rf3+ Ke7 64. Rd3 Kf7 65. Rf3+ Ke7 66. Rd3 Kf7 67. Rf3+ Ke7 1/2-1/2


[Site "https://www.chess.com"]

[Event "Titled Tuesday Blitz April 05 Early 2022"]
[White "Ilyasli, Ughur"]
[Black "Dukic, Zachary"]
[WhiteFideId "13416197"]
[BlackFideId "2617188"]
[WhiteElo "2045"]
[BlackElo "2086"]
[Result "1-0"]
[Round "06"]
[TimeControl "180+1"]
[Date "2022.04.05"]
[WhiteClock "0:01:09"]
[BlackClock "0:00:13"]

1. d4 Nf6 2. c4 g6 3. Nc3 Bg7 4. e4 d6 5. Nge2 O-O 6. Ng3 e5 7. d5 a5 8. Be2 Na6 9. h4 h5 10. Bg5 Qe8 11. Qd2 Bd7 12. O-O-O a4 13. Bxf6 Bxf6 14. Bxh5 Nc5 15. Be2 Ra6 16. Kb1 Qa8 17. h5 Nb3 18. Qh6 Bg7 19. Qg5 Nd4 20. h6 a3 21. hxg7 Kxg7 22. Nh5+ 1-0


[Site "https://www.chess.com"]

[Event "Titled Tuesday Blitz April 05 Early 2022"]
[White "Iskusnyh, Sergei"]
[Black "Stanisz, Patryk"]
[WhiteFideId "4120027"]
[BlackFideId "1123106"]
[WhiteElo "2492"]
[BlackElo "1833"]
[Result "0-1"]
[Round "06"]
[TimeControl "180+1"]
[Date "2022.04.05"]
[WhiteClock "0:00:01"]
[BlackClock "0:00:03"]

1. d4 d5 2. c4 c6 3. Nf3 Nf6 4. e3 e6 5. Bd3 Nbd7 6. b3 Bd6 7. Bb2 Qe7 8. Ne5 Bb4+ 9. Nd2 Nxe5 10. dxe5 Nd7 11. O-O O-O 12. f4 f5 13. Nf3 Nc5 14. a3 Nxd3 15. Qxd3 Bc5 16. cxd5 cxd5 17. b4 Bb6 18. Bd4 Bd7 19. Rfc1 Rfc8 20. h3 Qe8 21. Bxb6 axb6 22. Nd4 b5 23. Rc5 b6 24. Rxb5 Bxb5 25. Nxb5 Qc6 26. Nd4 Qc3 27. Qxc3 Rxc3 28. a4 Kf7 29. a5 bxa5 30. bxa5 Rxe3 31. a6 Re4 32. Nb5 Rb4 33. Nd6+ Ke7 34. a7 Rxf4 35. Nb5 Rc4 36. Ra6 Rc5 37. Nd6 Rc7 38. Nb5 Rb7 39. Nd4 Raxa7 40. Rxe6+ Kf7 41. Rd6 Rd7 42. Rc6 Rdc7 43. e6+ Kf6 44. Rd6 Ke5 45. Nb5 Rc1+ 46. Kh2 Re7 47. Ra6 Rxe6 48. Ra2 Kf6 0-1


[Site "https://www.chess.com"]

[Event "Titled Tuesday Blitz April 05 Early 2022"]
[White "Jakubowski, Krzysztof"]
[Black "Marcziter, Dmitrii"]
[WhiteFideId "1112848"]
[BlackFideId "13900765"]
[WhiteElo "2365"]
[BlackElo "2155"]
[Result "1-0"]
[Round "06"]
[TimeControl "180+1"]
[Date "2022.04.05"]
[WhiteClock "0:00:15"]
[BlackClock "0:00:18"]

1. e4 c5 2. Nf3 a6 3. g3 Nc6 4. Bg2 g6 5. c3 e5 6. d4 cxd4 7. cxd4 exd4 8. Nxd4 Bg7 9. Be3 Nge7 10. O-O O-O 11. Nc3 d6 12. Qd2 Re8 13. Rad1 Bg4 14. Nde2 Ne5 15. f3 Nc4 16. Qc1 Nxe3 17. Qxe3 Be6 18. Kh1 Qc7 19. Rc1 Qa5 20. Rfd1 Rad8 21. Nf4 Bc8 22. Qf2 Bh6 23. Rb1 Be6 24. Nxe6 fxe6 25. Bh3 Nc6 26. Qc2 Bg7 27. Qb3 Nd4 28. Rxd4 Bxd4 29. Bxe6+ Kh8 30. Bd5 b5 31. Ne2 Bg7 32. Kg2 Qd2 33. Qd1 Qxd1 34. Rxd1 Bxb2 35. h4 Rc8 36. f4 Rc2 37. Kf3 a5 38. h5 Kg7 39. Rh1 Bf6 40. Bb3 Rb2 41. g4 a4 42. Bd5 g5 43. Ng3 gxf4 44. Nf5+ Kf8 45. Rc1 Bd8 46. Nxd6 Re7 47. Rc8 Rd7 48. Nf5 b4 49. Ra8 a3 50. Kxf4 Rd2 51. g5 R2xd5 52. exd5 Rxd5 53. g6 hxg6 54. hxg6 Kg8 55. Ne7+ Kg7 56. Nxd5 Bh4 57. Nxb4 Kxg6 58. Nc2 Be7 59. Ke4 Kf6 60. Nxa3 Ke6 61. Nc4 Bb4 62. a4 Kf6 63. Ra6+ Kg5 64. Kd5 Kf4 65. Rc6 Be1 66. Re6 Bc3 67. a5 Bxa5 68. Nxa5 Kf5 69. Nc6 Kf4 70. Nd4 Kg5 71. Ke4 Kg4 72. Rg6+ Kh5 73. Rg8 Kh6 74. Kf5 Kh7 75. Rg5 Kh6 76. Kf6 Kh7 77. Kf7 Kh6 78. Rf5 Kh7 79. Rh5# 1-0


[Site "https://www.chess.com"]

[Event "Titled Tuesday Blitz April 05 Early 2022"]
[White "Kalogridis, Antonios"]
[Black "Papp, Levente"]
[WhiteFideId "25833901"]
[BlackFideId "751243"]
[WhiteElo "1596"]
[BlackElo "2308"]
[Result "0-1"]
[Round "06"]
[TimeControl "180+1"]
[Date "2022.04.05"]
[WhiteClock "0:00:18"]
[BlackClock "0:00:06"]

1. d4 Nf6 2. c4 e6 3. Nf3 c5 4. d5 b5 5. dxe6 fxe6 6. cxb5 d5 7. Bg5 Nbd7 8. e4 dxe4 9. Nfd2 h6 10. Be3 Ne5 11. Nc3 Bb7 12. Be2 Nd3+ 13. Bxd3 Qxd3 14. Qb3 Nd5 15. O-O-O Nxe3 16. Ndxe4 Qc4 17. fxe3 Qxb3 18. axb3 Rd8 19. Rxd8+ Kxd8 20. Rd1+ Kc7 21. g3 Be7 22. Nd2 Bg5 23. Nc4 Rf8 24. Rd2 Rf3 25. b6+ axb6 26. Nb5+ Kc8 27. Nxb6+ Kb8 28. Rd8+ Bc8 29. Nxc8 Bxd8 30. Ncd6 Rxe3 31. Kd2 Rxb3 32. Kc2 Rf3 33. Nc4 Rf2+ 34. Kd3 Bf6 35. Nb6 Rxb2 36. Nd7+ Kc8 37. Nb6+ Kd8 38. Kc4 Rb4+ 39. Kxc5 Be7+ 40. Kc6 Ke8 41. Nc7+ Kf7 42. Nd7 Rc4+ 43. Kb6 Rc2 44. Ne5+ Kg8 45. Ng6 Bf6 46. h4 Kf7 47. Nh8+ Ke7 48. Ng6+ Kd7 49. Nf8+ Kd6 50. Nfxe6 Rb2+ 51. Ka7 Bd4+ 52. Nxd4 Kxc7 53. Nf5 Ra2# 0-1


[Site "https://www.chess.com"]

[Event "Titled Tuesday Blitz April 05 Early 2022"]
[White "Kaminski, Victor"]
[Black "Golubeva, Oksana"]
[WhiteFideId "1131630"]
[BlackFideId "4170164"]
[WhiteElo "2181"]
[BlackElo "2162"]
[Result "1-0"]
[Round "06"]
[TimeControl "180+1"]
[Date "2022.04.05"]
[WhiteClock "0:00:05"]
[BlackClock "0:00:08"]

1. e4 e6 2. d4 d5 3. Nd2 c5 4. exd5 Qxd5 5. Ngf3 cxd4 6. Bc4 Qd6 7. O-O Nf6 8. Nb3 Nc6 9. Nbxd4 Nxd4 10. Nxd4 a6 11. c3 Be7 12. Qe2 O-O 13. Re1 b5 14. Bd3 Bb7 15. Bc2 b4 16. Nf5 exf5 17. Qxe7 Qc6 18. f3 Rfe8 19. Qxe8+ Rxe8 20. Bg5 bxc3 21. bxc3 Rxe1+ 22. Rxe1 Qxc3 23. Rc1 Qd4+ 24. Kh1 h6 25. Bxf6 Qxf6 26. Bb3 Qb2 27. Rd1 f4 28. h3 Bc6 29. Rd6 Qc1+ 30. Kh2 Kf8 31. Rd4 Ke7 32. Rc4 Qd2 33. Rxc6 a5 34. Rc7+ Kd6 35. Rxf7 Qd4 36. Rf8 Kc5 37. Rc8+ Kb5 38. Rb8+ Kc6 39. a4 Qe3 40. Rb5 Kd6 41. Bd5 Qe1 42. Be4 g5 43. Rb6+ Kc5 44. Rxh6 Kb4 45. Bc6 Qg3+ 46. Kh1 Qe1+ 47. Kh2 Qe7 48. Bb5 Kc3 49. Rc6+ Kd2 50. Rc4 Qe1 51. Re4 Qg3+ 52. Kh1 Kc3 53. Bc6 Qh4 54. Bb5 g4 55. fxg4 Qf2 56. Be2 Kd2 57. Bf3 Qg3 58. Re5 Qf2 59. Re2+ Qxe2 60. Bxe2 Kxe2 61. g5 f3 62. gxf3 Kxf3 63. g6 1-0


[Site "https://www.chess.com"]

[Event "Titled Tuesday Blitz April 05 Early 2022"]
[White "Kezin, Roman"]
[Black "Koellner, Ruben Gideon"]
[WhiteFideId "24124621"]
[BlackFideId "12993093"]
[WhiteElo "2570"]
[BlackElo "2555"]
[Result "1-0"]
[Round "06"]
[TimeControl "180+1"]
[Date "2022.04.05"]
[WhiteClock "0:00:04"]
[BlackClock "0:00:16"]

1. h4 h5 2. a4 a5 3. Ra3 Ra6 4. Rg3 Rhh6 5. Nf3 Nf6 6. d4 Rh8 7. Nc3 d5 8. Bf4 Rb6 9. e3 Bg4 10. Be2 e6 11. Ne5 Bxe2 12. Qxe2 Rxb2 13. O-O Nbd7 14. Nb5 c6 15. Nd3 Rxb5 16. axb5 cxb5 17. Ne5 Ne4 18. Qxb5 Nxg3 19. fxg3 f6 20. Ng6 Rg8 21. Qxb7 Kf7 22. Bc7 Qe8 23. Nf4 a4 24. e4 dxe4 25. Qxe4 g6 26. d5 e5 27. Ne6 Nc5 28. Qxe5 Be7 29. Kh1 Nd7 30. Qe3 Qc8 31. Qh6 Bf8 32. Qh7+ Bg7 33. Re1 a3 34. Bd6 Qc3 35. Ng5+ fxg5 36. Re7+ Kf6 37. Re6+ Kf5 38. Qxg6+ Kg4 39. Re4# 1-0


[Site "https://www.chess.com"]

[Event "Titled Tuesday Blitz April 05 Early 2022"]
[White "Kokoszczynski, Jan"]
[Black "Prohorov, Olexandr"]
[WhiteFideId "1174460"]
[BlackFideId "14105578"]
[WhiteElo "2163"]
[BlackElo "1993"]
[Result "1-0"]
[Round "06"]
[TimeControl "180+1"]
[Date "2022.04.05"]
[WhiteClock "0:00:07"]
[BlackClock "0:00:02"]

1. e4 c5 2. Nf3 d6 3. Bb5+ Nd7 4. d4 cxd4 5. Qxd4 a6 6. Bxd7+ Bxd7 7. Nc3 Nf6 8. O-O Bc6 9. Bg5 e6 10. Rad1 Be7 11. Rfe1 Qc7 12. Bh4 O-O 13. Bg3 Rad8 14. a4 Rfe8 15. h3 Qc8 16. Qd3 b6 17. Nd4 Bb7 18. Qe3 Qc5 19. f3 Nd7 20. Bf2 Qc7 21. f4 Rc8 22. h4 Nf6 23. Qh3 Bf8 24. h5 h6 25. g4 e5 26. g5 exd4 27. Rxd4 hxg5 28. fxg5 Nh7 29. g6 fxg6 30. hxg6 Nf6 31. Bh4 Qd7 32. Qg2 Qe6 33. Rf1 Qg4 34. Qxg4 Nxg4 35. Rf7 Be7 36. Rxe7 Rxe7 37. Bxe7 d5 38. exd5 Re8 39. d6 Nf6 40. d7 Rxe7 41. d8=Q+ Re8 42. Qd6 1-0


[Site "https://www.chess.com"]

[Event "Titled Tuesday Blitz April 05 Early 2022"]
[White "Koridze, Lile"]
[Black "Tan, Jun Ying"]
[WhiteFideId "13612514"]
[BlackFideId "5710413"]
[WhiteElo "2050"]
[BlackElo "1827"]
[Result "1-0"]
[Round "06"]
[TimeControl "180+1"]
[Date "2022.04.05"]
[WhiteClock "0:01:58"]
[BlackClock "0:00:48"]

1. d4 Nf6 2. c4 c5 3. d5 e6 4. Nc3 exd5 5. cxd5 d6 6. Nf3 g6 7. Bg5 h6 8. Bh4 g5 9. Bg3 Nh5 10. e4 Nxg3 11. hxg3 Bg7 12. Bd3 Nd7 13. O-O O-O 14. Qc2 a6 15. a4 Ne5 16. Nd2 Nxd3 17. Qxd3 f5 18. f3 Bd4+ 19. Kh2 f4 20. g4 h5 21. gxh5 g4 22. g3 fxg3+ 23. Kxg3 gxf3 24. Rxf3 Qg5+ 25. Kh2 Qxh5+ 26. Kg2 Qg4+ 27. Rg3 Rf2+ 28. Kh1 Rh2+ 29. Kxh2 Be5 30. Kg2 Bxg3 31. Qxg3 Qxg3+ 32. Kxg3 Bd7 33. Nc4 Kf7 34. Nxd6+ Ke7 35. Nxb7 Rb8 36. Nxc5 Rxb2 37. Nxd7 Kxd7 38. Rc1 Rb3 39. Kf4 Kd6 40. e5+ Kc5 41. d6 Kd4 42. d7 Rb8 43. Rd1+ Kxc3 44. d8=Q Rxd8 45. Rxd8 Kb4 46. Ra8 a5 47. e6 Kxa4 48. e7 Kb4 49. e8=Q a4 50. Qxa4+ Kc3 51. Rc8+ Kd2 52. Qd4+ Ke1 53. Rc1+ Ke2 54. Qe3# 1-0


[Site "https://www.chess.com"]

[Event "Titled Tuesday Blitz April 05 Early 2022"]
[White "Kosteniuk, Alexandra"]
[Black "Roberson, Peter T"]
[WhiteFideId "4128125"]
[BlackFideId "412384"]
[WhiteElo "2469"]
[BlackElo "2346"]
[Result "0-1"]
[Round "06"]
[TimeControl "180+1"]
[Date "2022.04.05"]
[WhiteClock "0:00:09"]
[BlackClock "0:00:05"]

1. d4 Nf6 2. Nf3 e6 3. c4 c5 4. g3 cxd4 5. Nxd4 Nc6 6. Bg2 Qb6 7. Nb5 d5 8. N1c3 Bc5 9. Na4 Qa5+ 10. Bd2 Bb4 11. Bxb4 Qxb4+ 12. Kf1 O-O 13. a3 Qe7 14. c5 e5 15. Nd6 Be6 16. b4 b6 17. Rc1 bxc5 18. bxc5 Rab8 19. Nc3 Nd4 20. g4 Bxg4 21. Rg1 Qe6 22. f3 Bh5 23. Rb1 Bg6 24. Rxb8 Rxb8 25. Qa4 Qd7 26. Qxd7 Nxd7 27. Nxd5 Nxc5 28. Kf2 Rb2 29. Nc3 f5 30. Bf1 Kf8 31. Nc8 a5 32. Nd6 Rb3 33. Nd5 Rxa3 34. Nc4 Ra1 35. Nxe5 a4 36. Nxg6+ hxg6 37. Rxg6 a3 38. Rb6 a2 39. Rb8+ Kf7 40. Ra8 Ndb3 41. Ra7+ Ke6 42. Nc3 Rxf1+ 43. Kxf1 a1=Q+ 44. Rxa1 Nxa1 45. Kf2 Nc2 46. e3 Nb4 47. Ne2 Ncd3+ 48. Kg3 Nd5 49. e4 f4+ 50. Kg4 Ne3+ 51. Kg5 Ke5 52. h4 Ne1 53. Ng1 Nc4 54. h5 Nd2 55. Kg6 Nexf3 56. Ne2 Nh4+ 57. Kxg7 f3 58. Ng3 Nxe4 59. Nf1 f2 60. h6 Nf5+ 61. Kg6 Nxh6 62. Kxh6 Kf4 63. Kh5 Ng3+ 64. Kh4 Nxf1 65. Kh3 Ne3 66. Kh2 Kf3 67. Kh1 f1=Q+ 68. Kh2 Qg2# 0-1


[Site "https://www.chess.com"]

[Event "Titled Tuesday Blitz April 05 Early 2022"]
[White "Kostiukov, Alexandr"]
[Black "Jain, Naveen"]
[WhiteFideId "14108100"]
[BlackFideId "5003970"]
[WhiteElo "2202"]
[BlackElo "2036"]
[Result "1-0"]
[Round "06"]
[TimeControl "180+1"]
[Date "2022.04.05"]
[WhiteClock "0:00:52"]
[BlackClock "0:00:04"]

1. g3 d5 2. Bg2 Nc6 3. d3 Nf6 4. e4 dxe4 5. dxe4 Qxd1+ 6. Kxd1 e5 7. f3 Bc5 8. Nd2 O-O 9. c3 Rd8 10. Kc2 Ne8 11. a4 f5 12. b4 Bd6 13. Bh3 fxe4 14. Nxe4 Bxh3 15. Nxh3 a5 16. b5 Ne7 17. Rd1 Rd7 18. Nc5 Rad8 19. Nxb7 Rb8 20. Nxa5 Nf6 21. c4 g6 22. Be3 e4 23. fxe4 Nxe4 24. c5 Nf5 25. Bg1 Re8 26. Nc4 Re6 27. Nf4 Bxf4 28. Rxd7 Be5 29. Re1 Bc3 30. Rxe4 Rxe4 31. Kxc3 Ng7 32. Rxc7 Kf8 33. Nd6 1-0


[Site "https://www.chess.com"]

[Event "Titled Tuesday Blitz April 05 Early 2022"]
[White "Kouskoutis, Georgios-Alexandros"]
[Black "Papasimakopoulos, Alexandros"]
[WhiteFideId "4234049"]
[BlackFideId "4244125"]
[WhiteElo "2130"]
[BlackElo "2340"]
[Result "0-1"]
[Round "06"]
[TimeControl "180+1"]
[Date "2022.04.05"]
[WhiteClock "0:00:03"]
[BlackClock "0:00:06"]

1. c4 f5 2. g3 Nf6 3. Bg2 g6 4. Nc3 Bg7 5. d3 O-O 6. e3 e5 7. Nge2 c6 8. O-O d5 9. cxd5 cxd5 10. b4 Be6 11. a4 Qd7 12. a5 Nc6 13. Ba3 Rfc8 14. Rc1 Bf8 15. d4 e4 16. Qb3 Qd6 17. Rb1 Rab8 18. Nb5 Qe7 19. Rfc1 a6 20. Nbc3 Nxa5 21. bxa5 Qxa3 22. Qb6 Qd6 23. Qb3 Rc7 24. Na4 Nd7 25. Rxc7 Qxc7 26. Nb6 Nxb6 27. axb6 Qd6 28. Rc1 Be7 29. Nf4 Bf7 30. h4 Bd8 31. Rb1 Rc8 32. Bf1 Rc6 33. Qa2 Rxb6 34. Rxb6 Bxb6 35. Qb3 Kg7 36. Be2 h6 37. Qa2 Qc6 38. Bd1 Bc7 39. Kg2 Bxf4 40. gxf4 b5 41. Be2 Qb6 42. Qb3 a5 43. Bxb5 Be8 44. Bc4 Qxb3 45. Bxb3 Bc6 46. Kf1 Kf6 47. Ke2 a4 48. Ba2 g5 49. hxg5+ hxg5 50. fxg5+ Kxg5 51. f3 Bb5+ 52. Kf2 Bc6 53. fxe4 fxe4 54. Kg3 Bb7 55. Kh3 Kf5 56. Kg3 Ke6 57. Kf4 Ba6 58. Kg5 Bc4 59. Bb1 a3 0-1


[Site "https://www.chess.com"]

[Event "Titled Tuesday Blitz April 05 Early 2022"]
[White "Kozak, Antoni"]
[Black "Martin Carmona, Gaston Manuel"]
[WhiteFideId "21832030"]
[BlackFideId "22284567"]
[WhiteElo "2236"]
[BlackElo "2146"]
[Result "1-0"]
[Round "06"]
[TimeControl "180+1"]
[Date "2022.04.05"]
[WhiteClock "0:00:08"]
[BlackClock "0:00:06"]

1. c4 e6 2. g3 d5 3. Bg2 c6 4. Qc2 Nf6 5. Nf3 Be7 6. O-O O-O 7. d3 b6 8. Nc3 Bb7 9. e4 Nbd7 10. e5 Ne8 11. Bf4 Nc7 12. h4 c5 13. Qe2 a6 14. Nh2 Ra7 15. Ng4 Qa8 16. Rad1 b5 17. h5 b4 18. Nb1 Nb6 19. h6 g6 20. Nd2 dxc4 21. Bxb7 cxd3 22. Qxd3 Qxb7 23. Ne4 Ncd5 24. Bg5 c4 25. Qf3 a5 26. Bxe7 Qxe7 27. Ngf6+ Nxf6 28. Nxf6+ Kh8 29. Rd6 Nd5 30. Nxd5 exd5 31. Qxd5 Rc7 32. e6 fxe6 33. Rxe6 Qf7 34. Qe5+ Kg8 35. Rf6 Qxf6 36. Qxc7 c3 37. bxc3 bxc3 38. Qxa5 c2 39. Qc5 Qb2 40. Qc4+ Kh8 41. a4 Rb8 42. Qc7 Rf8 43. a5 Ra8 44. a6 Rf8 45. a7 Qd4 46. Qxc2 Qxa7 47. Qc3+ Kg8 48. Qb3+ Qf7 49. Qb2 Qf6 50. Qa2+ Qf7 51. Qd2 Qf6 52. Re1 g5 53. Qd5+ Kh8 54. Qc5 Qxh6 55. Re6 Qg7 56. Re7 Qf6 57. Qe3 Rg8 58. Qe4 Qg6 59. Qe5+ Qg7 60. Rxg7 Rxg7 61. g4 h6 62. Qf6 Kh7 63. Kg2 Rg6 64. Qf7+ Rg7 65. Qf5+ Rg6 66. Kg3 Kg7 67. Qe5+ Kh7 68. f3 Rg7 69. Kf2 Rg6 70. Qe4 Kg7 71. Qe7+ Kh8 72. Ke3 Rg7 73. Qf8+ Kh7 74. Ke4 Rg8 75. Qf7+ Rg7 76. Qf5+ Kh8 77. Ke5 Re7+ 78. Kf6 Rg7 79. Qc8+ Kh7 80. Qc2+ Kh8 81. Qc3 Kh7 82. Qd3+ Kh8 83. Qe4 Kg8 84. Qe8+ Kh7 85. Ke5 Rg6 86. Kf5 Rg7 87. Kf6 Rg8 88. Qf7+ Kh8 89. Qe7 h5 90. gxh5 g4 91. h6 g3 92. h7 1-0


[Site "https://www.chess.com"]

[Event "Titled Tuesday Blitz April 05 Early 2022"]
[White "Le Ruyet, Leopold"]
[Black "Agibileg, Uurtsaikh"]
[WhiteFideId "645923"]
[BlackFideId "4901606"]
[WhiteElo "2276"]
[BlackElo "2205"]
[Result "1-0"]
[Round "06"]
[TimeControl "180+1"]
[Date "2022.04.05"]
[WhiteClock "0:01:36"]
[BlackClock "0:02:18"]

1. e4 c5 2. c3 e6 3. d4 Nf6 4. e5 Nd5 5. Nf3 cxd4 6. cxd4 d6 7. Bc4 Be7 8. O-O O-O 9. Qe2 Nd7 10. Nc3 Nxc3 11. bxc3 dxe5 12. dxe5 Qc7 13. Bd3 Qxc3 14. Bg5 Bxg5 15. Nxg5 g6 16. f4 Nc5 17. Rad1 Nxd3 18. Rxd3 Qc5+ 19. Kh1 Qc4 20. Ne4 Kg7 21. Nf6 b6 22. Rh3 1-0


[Site "https://www.chess.com"]

[Event "Titled Tuesday Blitz April 05 Early 2022"]
[White "Lehtosaari, Mauri"]
[Black "Mirzoev, Azer"]
[WhiteFideId "501999"]
[BlackFideId "13400304"]
[WhiteElo "2555"]
[BlackElo "2525"]
[Result "0-1"]
[Round "06"]
[TimeControl "180+1"]
[Date "2022.04.05"]
[WhiteClock "0:00:01"]
[BlackClock "0:00:20"]

1. d4 Nf6 2. Nf3 e6 3. Bg5 h6 4. Bh4 c5 5. e3 Qb6 6. Nbd2 Qxb2 7. Bd3 d5 8. Bxf6 gxf6 9. Rb1 Qc3 10. Rb3 Qa5 11. c4 dxc4 12. Bxc4 Nc6 13. d5 exd5 14. Bxd5 Nb4 15. Nc4 Qc7 16. O-O Nxd5 17. Qxd5 Be6 18. Qd3 Rd8 19. Qe2 b6 20. Rc3 Be7 21. a4 O-O 22. Nh4 Rfe8 23. Qh5 Bf8 24. Nf5 Bxf5 25. Qxf5 Qc6 26. Nd2 Rxd2 27. Rc4 Qe6 28. Rg4+ Kh8 29. Qf4 f5 30. Rg3 Bg7 31. Qf3 Be5 32. Rh3 Qg6 33. g3 Rd6 34. Re1 a5 0-1


[Site "https://www.chess.com"]